 Dungeon Crawl Stone Soup version 0.29.1-14-g9c671dbff4 (webtiles) character file.

Game seed: 6939377876171924094

48 croobank the Sneak (level 3, 0/26 HPs)
             Began as an Octopode Delver on Feb 15, 2023.
             Slain by an orc wizard
             ... wielding a +0 dagger
              (4 damage)
             ... on level 3 of the Dungeon.
             The game lasted 00:04:10 (1189 turns).

croobank the Sneak (Octopode Delver)                Turns: 1189, Time: 00:04:11

Health: 0/26       AC:  1    Str: 11    XL:     3   Next: 72%
Magic:  3/3        EV: 13    Int: 14    God:
Gold:   46         SH:  0    Dex: 13    Spells: 2/2 levels left

rFire   . . .      SeeInvis .   a - +3 hand axe
rCold   . . .      Faith    .   (no shield)
rNeg    . . .      Spirit   .   (helmet restricted)
rPois   .          Reflect  .   (no amulet)
rElec   .          Harm     .   (no ring)
rCorr   .          Rampage  .   (no ring)
Will    .....                   (no ring)
Stlth   ++++......              (no ring)
HPRegen 0.08/turn               (no ring)
MPRegen 0.08/turn               (no ring)
                                (no ring)
                                (no ring)

@: hasted, very quick
A: almost no armour, amphibious, 8 rings, camouflage 1, gelatinous body 1,
(nimble swimmer 1), tentacles
a: no special abilities


You were on level 3 of the Dungeon.
You visited 1 branch of the dungeon, and saw 4 of its levels.

You collected 46 gold pieces.

Inventory:

Hand Weapons
 a - a +3 hand axe (weapon)
 h - a +0 flail
 i - a +0 short sword
Missiles
 k - 5 boomerangs (quivered)
Wands
 f - a wand of digging (2)
Scrolls
 b - a scroll of fog
 d - a scroll of immolation {unknown}
 g - a scroll of butterflies {unknown}
Potions
 c - a potion of might {unknown}
 j - a potion of curing {unknown}


   Skills:
 + Level 3.4 Fighting
 + Level 2.6 Axes
 + Level 2.6 Dodging
 + Level 7.0 Stealth


You had 2 spell levels left.
You didn't know any spells.
Your spell library was empty.

Dungeon Overview and Level Annotations

Branches:
Dungeon (6/15)
 Temple: D:4-7

Altars:

Annotations:
D:4 2 transporters


Innate Abilities, Weirdness & Mutations

You cannot wear most types of armour.
You are amphibious.
You can wear up to eight rings at the same time.
Your skin changes colour to match your surroundings (Stealth+).
Your rubbery body absorbs attacks. (AC +1, EV +1)
((You are camouflaged when in or above water. (Stealth+)))
You have tentacles for arms and can constrict up to eight enemies at once.


Message History

The helpless orc fails to defend itself.
You hit the orc but do no damage.
The orc wizard shouts!
You grab the orc.
You constrict the orc, but do no damage.
The orc wizard mumbles some strange words.
The orc wizard flickers and vanishes!
Deactivating autopickup; reactivate with Ctrl-A.
The orc barely misses you.
You hit the orc. You squeeze the orc, but do no damage.
The orc is lightly wounded.
You constrict the orc. The orc barely misses you.
You hit the orc.
The orc is heavily wounded.
You constrict the orc.
You kill the orc!
An orc comes into view. It is wielding a +0 falchion.
An orc comes into view.
It is wielding a +1 falchion of electrocution.
A puff of flame appears from out of thin air!
The puff of flame misses you.
The orc shouts!
Things that are here:
a +0 falchion; a +0 ring mail; an orc corpse You hear a shout!
You hear a bark!
A jackal comes into view.
You hear some strange, mumbled words.
Something tries to affect you, but you resist.
You hear a bark!
A jackal comes into view.
Found a scroll labelled FAMUCK ICVE.
A jackal comes into view. x2
A magic dart appears from out of thin air!
The magic dart hits you!
An orc comes into view. It is wielding a +0 short sword.
The jackal bites you. Something hits you. The orc closely misses you.
The jackal bites you.
You miss something. Something hits you.
* * * LOW HITPOINT WARNING * * *
You feel yourself speed up. Something hits you.
You die...

.... .... o..#
#..# #. #..#
#...###..#
?..h..hoo# #{#
##@# #.)# #†## .
#.## ##. #).# #..
##.# #.# #.## #.#
#.)#####.# #.#
##...##..###.(..#


You could see 3 orcs and a jackal.

Vanquished Creatures
  An iguana (D:4)
  2 dart slugs (D:4)
  5 orcs
  An endoplasm (D:4)
  A giant cockroach (D:4)
  A goblin (D:4)
  A hobgoblin (D:4)
  A quokka (D:4)
  A rat (D:3)
14 creatures vanquished.

Notes
Turn   | Place    | Note
-------+----------+-------------------------------------------
     0 | D:5      | croobank the Octopode Delver began the quest for the Orb.
     0 | D:5      | Reached XP level 1. HP: 16/16 MP: 1/1
    45 | D:6      | Noticed a wight
    45 | D:6      | Noticed a wight
    45 | D:6      | Noticed a wight
    45 | D:6      | Noticed a wight
    82 | D:5      | Noticed an orc wizard
   123 | D:4      | Noticed a phantom
   168 | D:5      | Noticed a scorpion
   250 | D:4      | Found a transporter.
   251 | D:4      | Noticed an electric eel
   268 | D:4      | Noticed an electric eel
   268 | D:4      | Noticed an electric eel
   488 | D:4      | Reached XP level 2. HP: 15/21 MP: 2/2
   593 | D:4      | HP: 1/21 [iguana (10)]
   903 | D:4      | Found a transporter.
   989 | D:4      | Reached skill level 7 in Stealth
   989 | D:4      | Reached XP level 3. HP: 22/26 MP: 3/3
  1189 | D:3      | Slain by an orc wizard

Illustrated notes

Levels and vault maps discovered:
D:3:      layout_rooms, minmay_misc_feat_cross
D:4:      gammafunk_steamed_eel, layout_loops_ring, tgw_kikubaaqudgha,
          lemuel_round_altar, temple_statues, st_stairs_4,
          chequers_decorated_corner
D:5:      layout_layer_cave, uniq_blork_the_orc
D:6:      layout_loops_ring, old_standard_altar, uniq_grinder

Skill      XL: |  1  2 |
---------------+-------+-----
Stealth        | 7 |  7.0
Fighting       | |  3.4
Axes           | |  2.6
Dodging        | |  2.6

Action                   || total
-------------------------++-------
Melee: Hand axe          ||    34
       Constrict         ||    11
       Tentacles         ||     6
Evoke: Wand              ||     1
  Use: Scroll            ||     2
       Potion            ||     1
 Stab: Sleeping          ||     6
Armor: Skin              ||     1
Dodge: Dodged            ||    15
